 Dungeon Crawl Stone Soup version 0.29.1-15-g9cfb28693d (webtiles) character file.

Game seed: 15453584639293997411

920 jtron the Covered (level 8, 0/60 HPs)
             Began as a Gnoll Wanderer on Mar 21, 2023.
             Slain by a water moccasin (4 damage)
             ... on level 6 of the Dungeon.
             The game lasted 00:14:15 (5536 turns).

jtron the Covered (Gnoll Wanderer)                  Turns: 5536, Time: 00:14:16

Health: 0/60       AC:  3    Str: 12    XL:     8   Next: 10%
Magic:  14/14      EV: 12    Int: 13    God:
Gold:   153        SH:  0    Dex: 12    Spells: 11/15 levels left

rFire   . . .      SeeInvis .   a - +6 dagger (drain)
rCold   . . .      Faith    .   (no shield)
rNeg    . . .      Spirit   .   o - +0 leather armour
rPois   .          Reflect  .   (no helmet)
rElec   .          Harm     .   (no cloak)
rCorr   .          Rampage  .   (no gloves)
Will    .....                   (no boots)
Stlth   +++.......              (no amulet)
HPRegen 0.20/turn               h - ring of wizardry
MPRegen 0.14/turn               (no ring)

@: mighty, lethally poisoned (0 -> -13)
A: fangs 1, strong nose, distributed training
a: no special abilities


You were on level 6 of the Dungeon.
You visited 2 branches of the dungeon, and saw 7 of its levels.
You also visited: Ossuary.

You collected 208 gold pieces.
You spent 55 gold pieces at shops.

Inventory:

Hand Weapons
 a - a +6 dagger of draining (weapon)
 u - a +2 dagger
Missiles
 f - 3 silver javelins (quivered)
 k - 65 stones
 z - 3 poisoned darts
Armour
 c - a +0 ring mail
 o - a +0 leather armour (worn)
 x - an orb of light
 J - the +0 buckler "Peaviggox" {rPois rC+ rCorr Dex-4}
   (You found it on level 6 of the Dungeon)

   Dex:       It affects your dexterity (-4).
   rC:        It protects you from cold.
   rPois:     It protects you from poison.
   rCorr:     It protects you from acid and corrosion.
Jewellery
 h - a ring of wizardry (left hand)
 p - a ring of ice
 r - a ring of fire
 H - a +6 ring of intelligence
Wands
 w - a wand of polymorph (11)
Scrolls
 b - a scroll of blinking
 d - a scroll of summoning
 e - a scroll of noise {unknown}
 g - a scroll of enchant weapon
 i - 8 scrolls of teleportation
 j - a scroll of immolation
 n - 4 scrolls of amnesia
 y - a scroll of enchant armour {unknown}
 F - a scroll of magic mapping {unknown}
 G - a scroll of fear {unknown}
 I - 2 scrolls of identify
Potions
 l - a potion of magic
 m - 3 potions of lignification
 q - 2 potions of curing
 s - 3 potions of ambrosia
 t - a potion of might
 v - 2 potions of resistance
 A - a potion of mutation
 B - a potion of cancellation
 C - a potion of brilliance
 D - a potion of attraction {unknown}
 E - a potion of berserk rage {unknown}


   Skills:
 + Level 4.0 Fighting
 + Level 3.1 Short Blades
 + Level 3.1 Long Blades
 + Level 3.1 Axes
 + Level 3.1 Maces & Flails
 + Level 3.1 Polearms
 + Level 3.1 Staves
 + Level 3.1 Ranged Weapons
 + Level 3.1 Throwing
 + Level 7.3 Armour
 + Level 4.0 Dodging
 + Level 5.2 Stealth
 + Level 3.1 Shields
 + Level 3.1 Unarmed Combat
 + Level 4.2 Spellcasting
 + Level 2.5 Conjurations
 + Level 2.5 Hexes
 + Level 2.5 Summonings
 + Level 2.5 Necromancy
 + Level 2.5 Translocations
 + Level 2.5 Transmutations
 + Level 2.5 Fire Magic
 + Level 2.5 Ice Magic
 + Level 2.5 Air Magic
 + Level 3.3 Earth Magic
 + Level 2.5 Poison Magic
 + Level 3.4 Invocations
 + Level 4.0 Evocations


You had 11 spell levels left.
You knew the following spells:

 Your Spells              Type           Power      Damage    Failure   Level
a - Sandblast             Erth           22%        2d7       2%          1
b - Mephitic Cloud        Conj/Pois/Air  9%         N/A       11%         3

Your spell library contained the following spells:

 Spells                   Type           Power      Damage    Failure   Level
 Beastly Appendage        Tmut           18%        N/A       3%          1
 Wereblood                Tmut           9%         N/A       6%          2
 Stone Arrow              Conj/Erth      20%        3d8       9%          3
 Call Canine Familiar     Summ           9%         N/A       11%         3
 Ignite Poison            Fire/Tmut/Pois 9%         N/A       11%         3
 Portal Projectile        Hex/Tloc       18%        N/A       11%         3
 Spider Form              Tmut/Pois      9%         N/A       11%         3
 Leda's Liquefaction      Hex/Erth       5%         N/A       28%         4
 Hailstorm                Conj/Ice       9%         3d4       32%         4
 Ice Form                 Ice/Tmut       9%         N/A       32%         4
 Freezing Cloud           Conj/Ice/Air   4%         6-21      65%         5
 Simulacrum               Ice/Necr       4%         N/A       99%         6


Dungeon Overview and Level Annotations

Branches:
Dungeon (6/15)             Temple (1/1) D:6         Ossuary (visited)

Altars:
Elyvilon
Fedhas
Gozag
Hepliaklqana
Kikubaaqudgha
Makhleb
Okawaru
Ru
Uskayaw
Vehumet
Wu Jian
Yredelemnul

Shops:
D:1 (   D:4 !

Annotations:
D:5 Blork the orc


Innate Abilities, Weirdness & Mutations

You have very sharp teeth.
Your uncanny sense of smell can sniff out nearby items.
Your experience applies equally to all skills.


Message History

The water moccasin resists with significant effort.
You feel very sick. The water moccasin closely misses you.
The water moccasin attacks as you move away!
The water moccasin bites you but does no damage.
You feel sick.
You see here a +0 spear.
You feel very mighty all of a sudden.
You feel sick. The water moccasin barely misses you.
The water moccasin bites you.
You are more poisoned.
The water moccasin poisons you!
You miss the water moccasin.
The water moccasin is lightly wounded.
You feel sick. The water moccasin bites you.
You puncture the water moccasin!
The water moccasin is heavily wounded.
You feel sick. The water moccasin misses you.
The gnoll bouda hits you with a +0 whip.
* * * LOW HITPOINT WARNING * * *
The orc wizard casts a spell.
The orc wizard flickers and vanishes!
Deactivating autopickup; reactivate with Ctrl-A.
You puncture the gnoll bouda! You drain the gnoll bouda.
The gnoll bouda is severely wounded.
You feel sick. The water moccasin closely misses you.
You hit the gnoll bouda but do no damage.
The gnoll bouda is severely wounded.
Your attacks no longer feel as feeble.
You feel sick. The water moccasin bites you.
* * * LOW HITPOINT WARNING * * *
You are lethally poisoned!
The water moccasin poisons you! The gnoll bouda closely misses you.
The water moccasin misses you.
You hit the gnoll bouda.
You kill the gnoll bouda!
* * * LOW HITPOINT WARNING * * *
You feel very sick. The water moccasin bites you.
You die...

#...#........#...#[...#..##...#..
#.[.#....#'###...'....#.......#..
#...#....#.......#....#.......#..
#...#....#..######....#.......#..
#...'....#..##..#.....#.......#..
#####....#..##..+.....#.......#..
.........#'###..#...$.........+..
.........#..##..#{............#..
.........#..##..@S.#####....+##..
.........#.....†##'#∆∆∆ #...#..
##'###+###...)### .# #....
.).#....[...)## .# ##...
...#.........+ ∆ .# ∆ +...
..###.####...## .# ##...
..###.####....###∆.# ∆###....
.......#........#### ####...#..
.......#...........##+##......+..


You could see a water moccasin (drained).

Vanquished Creatures
  A wraith (Ossuary)
  2 scorpions
  3 vampire bats (D:4)
  A gnoll bouda (D:6)
  5 hounds
  Jessica (D:2)
  2 iguanas
  2 orc wizards
  A mummy (Ossuary)
  9 adders
  3 gnolls
  A worm (D:2)
  3 dart slugs
  17 orcs
  5 bats
  2 bat skeletons (D:4)
  4 bat zombies (D:4)
  5 endoplasms
  3 giant cockroaches
  4 goblins
  7 hobgoblins
  8 jackals
  8 kobolds
  3 quokkas
  7 ball pythons
  A frilled lizard (D:2)
  8 gnoll skeletons (Ossuary)
  4 kobold skeletons (Ossuary)
  13 orc skeletons (Ossuary)
  2 quokka zombies (D:4)
  2 rats
137 creatures vanquished.

Notes
Turn   | Place    | Note
-------+----------+-------------------------------------------
     0 | D:1      | jtron the Gnoll Wanderer began the quest for the Orb.
     0 | D:1      | jtron set off with the following items: a +2 dagger, a
                  | scroll of blinking, a +0 ring mail, a scroll of summoning;
                  | and the following spell memorised: Sandblast; and the
                  | following spells available to memorise: Stone Arrow.
     0 | D:1      | Reached XP level 1. HP: 17/17 MP: 4/4
    52 | D:1      | Found a faded altar of an unknown god.
   100 | D:1      | Reached XP level 2. HP: 15/23 MP: 5/5
   333 | D:1      | Found Efureaxt's Weapon Boutique.
   784 | D:2      | Noticed Jessica
   957 | D:2      | Reached XP level 3. HP: 28/28 MP: 7/7
  1183 | D:2      | Reached skill level 1 in Invocations
  1416 | D:2      | Reached skill level 1 in Short Blades
  1416 | D:2      | Reached skill level 1 in Long Blades
  1416 | D:2      | Reached skill level 1 in Axes
  1416 | D:2      | Reached skill level 1 in Maces & Flails
  1416 | D:2      | Reached skill level 1 in Polearms
  1416 | D:2      | Reached skill level 1 in Staves
  1416 | D:2      | Reached skill level 1 in Ranged Weapons
  1416 | D:2      | Reached skill level 1 in Throwing
  1416 | D:2      | Reached skill level 1 in Shields
  1416 | D:2      | Reached skill level 1 in Unarmed Combat
  1447 | D:2      | Reached XP level 4. HP: 31/34 MP: 5/8
  1756 | D:2      | Killed Jessica
  1757 | D:2      | Reached skill level 1 in Conjurations
  1757 | D:2      | Reached skill level 1 in Hexes
  1757 | D:2      | Reached skill level 1 in Summonings
  1757 | D:2      | Reached skill level 1 in Necromancy
  1757 | D:2      | Reached skill level 1 in Translocations
  1757 | D:2      | Reached skill level 1 in Transmutations
  1757 | D:2      | Reached skill level 1 in Fire Magic
  1757 | D:2      | Reached skill level 1 in Ice Magic
  1757 | D:2      | Reached skill level 1 in Air Magic
  1757 | D:2      | Reached skill level 1 in Poison Magic
  1991 | D:2      | Reached XP level 5. HP: 40/40 MP: 9/9
  2230 | D:3      | Learned a level 3 spell: Mephitic Cloud
  2960 | D:3      | Reached XP level 6. HP: 28/47 MP: 4/11
  3449 | D:4      | Found Kiampot's Distillery.
  3458 | D:4      | Bought a potion of heal wounds for 55 gold pieces
  3690 | D:4      | Found a sand-covered staircase.
  3704 | Ossuary  | Entered an ossuary
  3704 | Ossuary  | Noticed a wraith
  3704 | Ossuary  | Noticed a wraith
  3704 | Ossuary  | Noticed a wraith
  3797 | Ossuary  | Noticed a wraith
  3825 | Ossuary  | Killed a wraith
  3826 | Ossuary  | Reached skill level 7 in Armour
  3826 | Ossuary  | Reached XP level 7. HP: 22/52 MP: 10/12
  4186 | D:4      | Found a burning altar of Makhleb.
  4240 | D:4      | Found an ancient bone altar of Kikubaaqudgha.
  4258 | D:4      | Reached skill level 5 in Stealth
  4557 | D:5      | Entered Level 5 of the Dungeon
  4761 | D:5      | Noticed Blork the orc
  4802 | D:6      | Found a staircase to the Ecumenical Temple.
  4814 | Temple   | Entered the Ecumenical Temple
  5204 | D:6      | Reached XP level 8. HP: 60/60 MP: 14/14
  5287 | D:6      | Identified the +0 buckler "Peaviggox" {rPois rC+ rCorr
                  | Dex-4}
  5536 | D:6      | Slain by a water moccasin

Illustrated notes

Levels and vault maps discovered:
D:1:      saegor_arrival_simple_c, layout_basic, serial_shops,
          nicolae_shop_bloodbath_and_beyond,
          hellmonk_ecumenical_altar_pennies_from_heaven,
          minmay_misc_feat_secret_circle, chequers_serial_rivers_small_b,
          minmay_misc_feat_x, minmay_pentomino_u4
D:2:      layout_basic, uniq_jessica
D:3:      layout_loops_cross, columned_hall_lemuel, cheibrodos_gnoll_hut
D:4:      layout_rooms, kennysheep_vampire_church,
          mainiacjoe_overflow_six_doors_small, serial_shops,
          nicolae_square_shop, enter_ossuary_4
D:5:      layout_cave_pools, lemuel_crystal_altar, slow_altar_1, uniq_eustachio,
          uniq_blork_the_orc
D:6:      layout_gridville, minmay_temple_entry_butterflies,
          minmay_divided_ellipse
Temple:   nicolae_temple_two_arcs

Skill      XL: |  1  2  3  4  5  6  7 |
---------------+----------------------+-----
Earth Magic    | 2 3 |  3.3
Invocations    | 1 2 3 |  3.4
Short Blades   | 1 2 3 |  3.1
Long Blades    | 1 2 3 |  3.1
Axes           | 1 2 3 |  3.1
Maces & Flails | 1 2 3 |  3.1
Polearms       | 1 2 3 |  3.1
Staves         | 1 2 3 |  3.1
Ranged Weapons | 1 2 3 |  3.1
Throwing       | 1 2 3 |  3.1
Shields        | 1 2 3 |  3.1
Unarmed Combat | 1 2 3 |  3.1
Spellcasting   | 3 4 |  4.2
Conjurations   | 1 2 |  2.5
Hexes          | 1 2 |  2.5
Summonings     | 1 2 |  2.5
Necromancy     | 1 2 |  2.5
Translocations | 1 2 |  2.5
Transmutations | 1 2 |  2.5
Fire Magic     | 1 2 |  2.5
Ice Magic      | 1 2 |  2.5
Air Magic      | 1 2 |  2.5
Poison Magic   | 1 2 |  2.5
Fighting       | 3 4 |  4.0
Dodging        | 3 4 |  4.0
Evocations     | 3 4 |  4.0
Armour         | 7 |  7.3
Stealth        | 5 |  5.2

Action                   |  1- 3 |  4- 6 |  7- 9 || total
-------------------------+-------+-------+-------++-------
Melee: Dagger            |    97 |   131 |   126 ||   354
       Bite              |     4 |    11 |     8 ||    23
       Punch             |       |     2 |     3 ||     5
Throw: Javelin           |     4 |     5 |     1 ||    10
       Stone             |     2 |       |       ||     2
 Cast: Sandblast         |     7 |    20 |       ||    27
Evoke: Wand              |       |       |     3 ||     3
  Use: Potion            |     1 |     4 |     2 ||     7
       Scroll            |       |     7 |     5 ||    12
 Stab: Sleeping          |     8 |     8 |     5 ||    21
Armor: Ring mail         |    23 |       |       ||    23
       Leather armour    |     7 |    26 |    43 ||    76
       Skin              |    20 |     7 |       ||    27
Dodge: Dodged            |    43 |    79 |    98 ||   220
